 Dungeon Crawl Stone Soup version 0.30-a0-728-gc68057be0a (webtiles) character file.

Game seed: 2496916346140969809

336 Sabo the Sneak (level 6, 0/52 HPs)
             Began as a Naga Enchanter on Jan 30, 2023.
             Slain by an adder (2 damage)
             ... on level 4 of the Dungeon.
             The game lasted 00:25:21 (3706 turns).

Sabo the Sneak (Naga Enchanter)                     Turns: 3706, Time: 00:25:22

Health: 0/52       AC:  8    Str: 11    XL:     6   Next: 54%
Magic:  9/10       EV: 10    Int: 17    God:
Gold:   163        SH:  0    Dex: 11    Spells: 7/10 levels left

rFire   . . .      SeeInvis +    o - +2 whip (pain)
rCold   . . .      Faith    .    (no shield)
rNeg    . . .      Spirit   .    e - +2 robe
rPois   +          Reflect  .    h - +2 helmet
rElec   .          Harm     .    (no cloak)
rCorr   .          Rampage  .    (no gloves)
Will    .....                    (no barding)
Stlth   +                        (no amulet)
HPRegen 0.28/turn                (no ring)
MPRegen 0.12/turn                (no ring)

@: confused, very slow
A: AC +2, large, see invisible, deformed body, poison resistance, slowness 2,
spit poison 1, naga tail 1
a: Spit Poison


You were on level 4 of the Dungeon.
You visited 1 branch of the dungeon, and saw 4 of its levels.

You collected 205 gold pieces.
You spent 42 gold pieces at shops.

Inventory:

Hand Weapons
 a - a +1 dagger
 o - a +2 whip of pain (weapon)
Missiles
 b - 3 poisoned darts (quivered)
Armour
 e - a +2 robe (worn)
 h - a +2 helmet (worn)
Scrolls
 d - a scroll of blinking
 i - a scroll of teleportation {unknown}
 l - a scroll of enchant weapon {unknown}
 m - a scroll of torment {unknown}
Potions
 c - 2 potions of invisibility
 f - 2 potions of curing
 g - 2 potions of might {unknown}
 j - a potion of attraction {unknown}
 k - a potion of heal wounds {unknown}
 n - a potion of berserk rage {unknown}


   Skills:
 + Level 2.1 Fighting
 + Level 2.9 Short Blades
 + Level 0.1 Maces & Flails
 + Level 0.3 Throwing
 + Level 2.2 Dodging
 + Level 6.5 Stealth
 + Level 2.9 Spellcasting
 + Level 0.8 Conjurations
 + Level 3.6 Hexes
 + Level 0.1 Ice Magic


You had 7 spell levels left.
You knew the following spells:

 Your Spells              Type           Power      Damage    Failure   Level
a - Ensorcelled Hibernat  Hex/Ice        16%        N/A       12%         2
b - Magic Dart            Conj           20%        1d4       12%         1

Your spell library contained the following spells:

 Spells                   Type           Power      Damage    Failure   Level
 Confusing Touch          Hex            14%        N/A       12%         3
 Tukima's Dance           Hex            14%        N/A       12%         3
 Freeze                   Ice            12%        1d3       17%         1
 Searing Ray              Conj           10%        2d4       19%         2
 Dazzling Flash           Conj/Hex       20%        N/A       22%         3
 Cigotuvi's Dreadful Rot  Necr/Pois/Air  4%         N/A       26%         2
 Poisonous Vapours        Pois/Air       4%         N/A       26%         2
 Hailstorm                Conj/Ice       4%         3d4       41%         3
 Mephitic Cloud           Conj/Pois/Air  3%         N/A       43%         3
 Frozen Ramparts          Ice            6%         1d1       45%         3
 Fulminant Prism          Conj/Hex       5%         3d7       56%         4


Dungeon Overview and Level Annotations

Branches:
Dungeon (4/15)
 Temple: D:4-7

Altars:

Shops:
D:3 !


Innate Abilities, Weirdness & Mutations

Your serpentine skin is tough. (AC +2)
You have supernaturally acute eyesight. (SInv)
Armour fits poorly on your strangely shaped body.
Your system is resistant to poisons. (rPois)
You cover ground very slowly.
You can spit poison.
You have a snake-like lower body.


Message History

You don't know that spell.
Found a long sword.
You have got your breath back.
An orc wizard comes into view. It is wielding a +0 dagger.
The phantom hits you.
* * * LOW HITPOINT WARNING * * *
The orc wizard shouts!
You hit the phantom.
The phantom is severely damaged.
You hear an angry hiss.
The adder barely misses you.
An adder comes into view.
The phantom hits you but does no damage.
The iguana completely misses you. The adder bites you but does no damage.
You barely miss the phantom.
The phantom is severely damaged.
An orc comes into view. It is wielding a +0 mace.
The orc wizard casts a spell at you.
You are confused.
The phantom barely misses you. The iguana bites you.
* * * LOW HITPOINT WARNING * * *
The adder bites you but does no damage.
The adder hisses angrily.
You hit the adder.
You kill the adder!
An orc comes into view. It is wielding a +0 hand axe.
The phantom hits you but does no damage.
The iguana bites you!
* * * LOW HITPOINT WARNING * * *
The adder bites you but does no damage.
The phantom hits you but does no damage.
The adder bites you but does no damage.
An orc wizard comes into view. It is wielding a +0 dagger.
The iguana completely misses you. The phantom barely misses you.
The orc wizard points at you and mumbles some strange words.
The puff of flame hits you.
* * * LOW HITPOINT WARNING * * *
The adder bites you but does no damage. x2
You bump into the rock wall.
The adder bites you.
You die...

. ... . ..#
#+#) ...#
##.#. .o.
#..$.####J####
#.....@S......
#...#WSo.+....
+. #.l..# . #.
+....# #.)
#...##
###..##...####
#............#
#............#
#....).......#


You could see a phantom, an iguana, an orc wizard, 2 adders and an endoplasm.

Vanquished Creatures
  Sigmund (D:2)
  An iguana (D:4)
  6 adders
  2 worms (D:2)
  6 dart slugs
  5 orcs
  11 ball pythons
  7 bats
  4 endoplasms
  4 giant cockroaches
  6 goblins
  6 hobgoblins
  3 kobolds
  3 quokkas
  5 frilled lizards
  4 rats
74 creatures vanquished.

Notes
Turn   | Place    | Note
-------+----------+-------------------------------------------
     0 | D:1      | Sabo the Naga Enchanter began the quest for the Orb.
     0 | D:1      | Reached XP level 1. HP: 15/15 MP: 3/3
    52 | D:1      | Reached XP level 2. HP: 9/22 MP: 5/5
   271 | D:1      | Reached skill level 5 in Stealth
   503 | D:1      | Reached XP level 3. HP: 30/30 MP: 6/6
   576 | D:1      | Learned a level 2 spell: Ensorcelled Hibernation
   933 | D:1      | Learned a level 1 spell: Magic Dart
  1450 | D:2      | Reached skill level 1 in Fighting
  1495 | D:2      | Reached XP level 4. HP: 32/38 MP: 0/7
  1583 | D:2      | Noticed Sigmund
  1616 | D:2      | HP: 1/38 [Sigmund/+0 scythe (5)]
  1619 | D:2      | Killed Sigmund
  1620 | D:2      | Reached skill level 6 in Stealth
  1620 | D:2      | Reached XP level 5. HP: 2/44 MP: 2/9
  1932 | D:2      | Found a faded altar of an unknown god.
  2082 | D:2      | Reached XP level 6. HP: 51/51 MP: 10/10
  2991 | D:3      | Found Xerphienk's Distillery.
  2996 | D:3      | Bought a potion of curing for 42 gold pieces
  3705 | D:4      | HP: 1/52 [orc wizard/puff of flame (2)]
  3706 | D:4      | Slain by an adder

Illustrated notes

Levels and vault maps discovered:
D:1:      saegor_arrival_simple_b, layout_basic, minmay_cupped
D:2:      layout_basic, shapermc_ecumenical_altar_notcrosses, uniq_sigmund
D:3:      layout_rooms, serial_shops, nicolae_square_shop
D:4:      layout_gridville, old_standard_altar,
          chequers_temple_overflow_minitemple, serial_shops,
          nicolae_take_the_stairs, sigmund_army

Skill      XL: |  1  2  3  4  5  6 |
---------------+-------------------+-----
Stealth        | 5 6 |  6.5
Fighting       | 1 2 |  2.1
Short Blades   | 2 |  2.9
Dodging        | 2 |  2.2
Maces & Flails | |  0.1
Throwing       | |  0.3
Spellcasting   | |  2.9
Conjurations   | |  0.8
Hexes          | |  3.6
Ice Magic      | |  0.1

Action                     |  1- 3 |  4- 6 || total
---------------------------+-------+-------++-------
  Melee: Dagger            |    49 |    34 ||    83
         Punch             |     1 |     2 ||     3
         Whip              |       |    33 ||    33
  Throw: Dart              |       |     6 ||     6
   Cast: Magic Dart        |     8 |    52 ||    60
         Ensorcelled Hiber |     2 |       ||     2
Ability: Spit Poison       |    26 |    29 ||    55
    Use: Scroll            |     2 |     1 ||     3
         Potion            |       |     2 ||     2
   Stab: Sleeping          |     3 |       ||     3
 Armour: Robe              |     7 |    51 ||    58
  Dodge: Dodged            |    20 |    57 ||    77

Table legend: (Time is in decaauts)
 A = Elapsed time spent in this place.
 B = Non-inter-level travel time spent in this place.
 C = Inter-level travel time spent in this place.
 D = Time resting spent in this place.
 E = Time spent auto-exploring this place.
 F = Levels seen in this place.
 G = Mean time per level.
                   A        B        C        D        E       F      G
               +--------+--------+--------+--------+--------+-----+--------+
         Total |   4623 |   4623 |      0 |   1045 |      0 |   4 | 1155.8 |
       Dungeon |   4623 |   4623 |      0 |   1045 |      0 |   4 | 1155.8 |
               +--------+--------+--------+--------+--------+-----+--------+

Top non-repeatable levels by time:
     D:2: 1771 daAuts
     D:1: 1560 daAuts
     D:3: 1239 daAuts
     D:4: 52 daAuts
